 Dungeon Crawl Stone Soup version 0.28.0-43-g3370ac3207 (webtiles) character file.

Game seed: 17829716892583712348

1831 tizbic2 the Gusty (level 8, -5/63 HPs)
             Began as a Demigod Air Elementalist on Mar 7, 2022.
             Slain by a necrophage (6 damage)
             ... on level 6 of the Dungeon.
             The game lasted 00:29:47 (4558 turns).

tizbic2 the Gusty (Demigod Air Elementalist)        Turns: 4558, Time: 00:29:47

Health: -5/63      AC: 11    Str: 19    XL:     8   Next: 56%
Magic:  9/19       EV: 11    Int: 21    God:
Gold:   205        SH:  0    Dex: 14    Spells: 6/17 levels left

rFire   . . .      SeeInvis .   g - +1 dagger (vamp)
rCold   . . .      Faith    .   (no shield)
rNeg    . . .      Spirit   .   i - +0 ring mail
rPois   .          Reflect  .   r - +2 hat
rElec   .          Harm     .   B - +0 cloak
rCorr   .          Rampage  .   (no gloves)
Will    .....                   k - +1 pair of boots
Stlth   +.........              m - amulet of regeneration
HPRegen 1.00/turn               e - +6 ring of strength
MPRegen 0.16/turn               (no ring)

@: mighty, lethally poisoned (-5 -> -18), attractive
A: high MP 1, forlorn, divine attributes
a: no special abilities


You were on level 6 of the Dungeon.
You visited 1 branch of the dungeon, and saw 6 of its levels.

You collected 205 gold pieces.

Inventory:

Hand Weapons
 a - a +1 dagger of protection
 d - a +2 whip of electrocution
 g - a +1 vampiric dagger (weapon)
 z - a +1 dagger of venom
 A - a +4 quarterstaff of chaos
Missiles
 l - 41 arrows
 p - a throwing net
 q - 49 stones
 w - 4 boomerangs (quivered)
 C - 13 bolts
Armour
 i - a +0 ring mail (worn)
 k - a +1 pair of boots (worn)
 r - a +2 hat (worn)
 B - a +0 cloak (worn)
Magical Staves
 x - a staff of cold
Jewellery
 e - a +6 ring of strength (left hand)
 m - an amulet of regeneration (around neck)
Wands
 s - a wand of polymorph (9)
Scrolls
 b - 2 scrolls of identify
 c - a scroll of blinking
 j - 2 scrolls of fear
 y - a scroll of torment {unknown}
Potions
 f - a potion of flight {unknown}
 h - a potion of curing {unknown}
 n - 2 potions of might
 o - a potion of brilliance {unknown}
 t - 2 potions of attraction
 u - a potion of magic {unknown}
 v - 2 potions of mutation {unknown}


   Skills:
 + Level 3.4 Fighting
 - Level 3.3 Armour
 - Level 1.8 Dodging
 - Level 1.8 Stealth
 + Level 5.4 Spellcasting
 + Level 4.8 Conjurations
 + Level 5.8 Air Magic


You had 6 spell levels left.
You knew the following spells:

 Your Spells              Type           Power      Damage    Failure   Level
a - Shock                 Conj/Air       100%       1d9       1%          1
b - Static Discharge      Conj/Air       28%        N/A       3%          2
c - Airstrike             Air            15%        N/A       16%         4
d - Slow                  Hex            20%        N/A       17%         1
e - Vampiric Draining     Necr           5%         2d6       45%         3

Your spell library contained the following spells:

 Spells                   Type           Power      Damage    Failure   Level
 Swiftness                Air            30%        N/A       4%          3
 Confusing Touch          Hex            5%         N/A       45%         3
 Inner Flame              Hex/Fire       5%         N/A       45%         3
 Sticky Flame             Conj/Fire      15%        2d4       54%         4
 Cause Fear               Hex            2%         N/A       86%         4
 Dispel Undead            Necr           5%         3d7       86%         4
 Discord                  Hex            2%         N/A       100%        8


Dungeon Overview and Level Annotations

Branches:
Dungeon (6/15)
 Temple: D:4-7


Innate Abilities, Weirdness & Mutations

You have an increased reservoir of magic. (+10% MP)
You shall have no god before yourself.
Your divine heritage dramatically boosts your attributes as you level up.


Message History

You feel sick. The water moccasin barely misses you.
The water moccasin bites you but does no damage.
Your +2 whip of electrocution stops crackling.
You feel a sense of dread.
g - a +1 vampiric dagger (weapon)
You feel sick.
You closely miss the water moccasin.
The water moccasin is almost dead.
You feel sick.
The water moccasin bites you but does no damage.
The water moccasin bites you.
You are more poisoned.
The water moccasin poisons you!
You hit the water moccasin but do no damage.
The water moccasin is almost dead.
You feel very sick.
The water moccasin bites you but does no damage.
You barely miss the water moccasin.
The water moccasin is almost dead.
You feel very sick. The water moccasin bites you!
You are more poisoned.
The water moccasin poisons you! The water moccasin bites you!
You are more poisoned.
The water moccasin poisons you!
It was a potion of might.
You feel very mighty all of a sudden.
* * * LOW HITPOINT WARNING * * *
You feel extremely sick.
The water moccasin bites you but does no damage.
You hit the water moccasin.
You feel better.
You kill the water moccasin!
* * * LOW HITPOINT WARNING * * *
You feel extremely sick.
It was a potion of attraction.
You feel attractive to monsters.
* * * LOW HITPOINT WARNING * * *
You feel very sick. The necrophage hits you.
You die...

.... .#.
#..## . #...#
..+# ./.#
#..!#..#
#......#
+...).Z######
#.o...#zn@..#
#...#.#.###.#
.S+# ..#.#
#.# . #.##.#
#.# #. ..#
#.# .# .##
#.# . .. #.#
## #.# #.#


You could see a necrophage, a wight and a centaur skeleton.

Vanquished Creatures
  Grinder (D:5)
  A water moccasin (D:6)
  2 necrophages
  3 ogres
  A centaur (D:6)
  A scorpion (D:5)
  A water moccasin skeleton (D:5)
  A centaur skeleton (D:5)
  3 hounds
  Crazy Yiuf (D:5)
  A gnoll shaman (D:5)
  3 iguanas
  Ijyb (D:3)
  Natasha (thrice) (D:3)
  8 orc wizards
  3 hound skeletons
  17 gnolls
  7 adders
  An ufetubus (D:3)
  A worm (D:3)
  2 dart slugs
  8 orcs
  8 ball pythons
  5 endoplasms
  4 giant cockroaches (D:2)
  A goblin (D:1)
  12 hobgoblins
  8 jackals
  2 quokkas
  5 bats
  4 frilled lizards
  8 kobolds
  3 rats
130 creatures vanquished.

Vanquished Creatures (others)
  2 fungi (D:5)
2 creatures vanquished.

Grand Total: 132 creatures vanquished

Notes
Turn   | Place    | Note
-------+----------+-------------------------------------------
     0 | D:1      | tizbic2 the Demigod Air Elementalist began the quest for
                  | the Orb.
     0 | D:1      | Reached XP level 1. HP: 14/14 MP: 5/5
    78 | D:1      | Reached skill level 1 in Conjurations
   254 | D:1      | Reached XP level 2. HP: 20/20 MP: 2/7
   343 | D:1      | Learned a level 2 spell: Static Discharge
  1008 | D:2      | Reached XP level 3. HP: 26/26 MP: 1/8
  1537 | D:2      | Reached XP level 4. HP: 33/33 MP: 5/10
  1973 | D:3      | Noticed a necrophage
  1992 | D:3      | Killed a necrophage
  1993 | D:3      | Reached XP level 5. HP: 37/38 MP: 2/13
  2033 | D:3      | Noticed Natasha
  2033 | D:3      | Noticed Ijyb
  2051 | D:3      | Killed Natasha
  2228 | D:3      | Reached XP level 6. HP: 45/45 MP: 6/15
  2311 | D:3      | Learned a level 4 spell: Airstrike
  2355 | D:3      | Killed Ijyb
  2474 | D:3      | Noticed Natasha
  2478 | D:3      | Killed Natasha
  2601 | D:3      | Noticed Natasha
  2610 | D:3      | Killed Natasha
  2925 | D:4      | Reached skill level 1 in Armour
  2976 | D:4      | Reached skill level 1 in Fighting
  2976 | D:4      | Reached XP level 7. HP: 41/52 MP: 12/16
  3113 | D:4      | Learned a level 1 spell: Slow
  3117 | D:4      | Learned a level 3 spell: Vampiric Draining
  3582 | D:5      | Entered Level 5 of the Dungeon
  3948 | D:5      | Reached skill level 5 in Air Magic
  4009 | D:5      | Found a runed translucent door.
  4010 | D:5      | Noticed Crazy Yiuf
  4017 | D:5      | Killed Crazy Yiuf
  4110 | D:5      | Reached XP level 8. HP: 61/62 MP: 18/18
  4119 | D:5      | Noticed Grinder
  4168 | D:5      | Killed Grinder
  4169 | D:5      | Reached skill level 5 in Spellcasting
  4558 | D:6      | HP: 1/63 [poisoned by a water moccasin]
  4558 | D:6      | Slain by a necrophage

Illustrated notes

Levels and vault maps discovered:
D:1:      moated_graveyard_arrival, layout_loops_ring, basic_ecumenical_altar
D:2:      layout_basic, minmay_bisected
D:3:      layout_basic, nicolae_underground_beach, uniq_natasha, uniq_ijyb
D:4:      layout_cave_pods
D:5:      layout_loops_ring, mainiacjoe_overflow_catwalk,
          minmay_a_box_with_orc_wizards_in_it, uniq_crazy_yiuf_cottage,
          uniq_grinder
D:6:      layout_basic, serial_shops, nicolae_lakefront_shop,
          hangedman_decor_riveting, hangedman_decor_opposing,
          minmay_fractal_squares_diagonal_5

Skill      XL: |  1  2  3  4  5  6  7  8 |
---------------+-------------------------+-----
Conjurations   | 1 2 3 4 |  4.8
Air Magic      | 3 4 5 |  5.8
Spellcasting   | 2 3 4 5 |  5.4
Armour         | 1 3 |  3.3
Fighting       | 1 2 3 |  3.4
Dodging        | |  1.8
Stealth        | |  1.8

Action                   |  1- 3 |  4- 6 |  7- 9 || total
-------------------------+-------+-------+-------++-------
Melee: Whip              |    56 |    88 |    95 ||   239
       Dagger            |     4 |       |    22 ||    26
       Punch             |     2 |       |     2 ||     4
       Quarterstaff      |       |       |     1 ||     1
Throw: Boomerang         |       |     5 |       ||     5
 Cast: Shock             |    29 |    26 |    29 ||    84
       Static Discharge  |     5 |    20 |    15 ||    40
       Airstrike         |       |     1 |       ||     1
       Slow              |       |       |     3 ||     3
  Use: Scroll            |       |       |     3 ||     3
       Potion            |       |       |     2 ||     2
 Stab: Sleeping          |     6 |       |       ||     6
Armor: Robe              |     9 |       |       ||     9
       Ring mail         |    12 |    51 |    77 ||   140
Dodge: Dodged            |    36 |    76 |    87 ||   199
